 Dungeon Crawl Stone Soup version 0.29-a0-1052-g6990b1bffc (webtiles) character file.

Game seed: 3515359216581395401

681 xian the Sneak (level 7, -8/46 HPs)
             Began as an Octopode Fire Elementalist on Aug 18, 2022.
             Was an Initiate of Hepliaklqana.
             Mangled by an iguana (12 damage)
             ... on level 5 of the Dungeon.
             The game lasted 00:23:16 (4880 turns).

xian the Sneak (Octopode Fire Elementalist)         Turns: 4880, Time: 00:23:17

Health: -8/46      AC:  1    Str:  7    XL:     7   Next: 61%
Magic:  1/11       EV: 13    Int: 20    God:    Hepliaklqana [......]
Gold:   130        SH:  0    Dex: 12    Spells: 3/12 levels left

rFire   x . .      SeeInvis .   n - +0 arbalest
rCold   + . .      Faith    .   (shield currently unavailable)
rNeg    . . .      Spirit   .   (helmet restricted)
rPois   .          Reflect  .   (no amulet)
rElec   .          Harm     .   r - ring of ice
rCorr   .          Rampage  .   (no ring)
Will    .....                   (no ring)
Stlth   ++++......              (no ring)
HPRegen 0.15/turn               (no ring)
MPRegen 0.12/turn               (no ring)
                                (no ring)
                                (no ring)

@: mighty, about to teleport
A: almost no armour, amphibious, 8 rings, camouflage 1, gelatinous body 1,
(nimble swimmer 1), tentacles
a: Renounce Religion


You were on level 5 of the Dungeon.
You worshipped Hepliaklqana.
Hepliaklqana was noncommittal.
You visited 2 branches of the dungeon, and saw 6 of its levels.

You collected 240 gold pieces.
You spent 110 gold pieces at shops.

Inventory:

Hand Weapons
 k - a +2 dagger of speed
 n - a +0 arbalest (weapon)
Missiles
 m - 3 poisoned darts
Jewellery
 r - a ring of ice (left tentacle)
Wands
 i - a wand of mindburst (6)
 j - a wand of iceblast (10)
Scrolls
 b - 2 scrolls of teleportation
 c - a scroll of enchant armour {unknown}
 e - 3 scrolls of blinking {unknown}
 f - a scroll of poison
 l - a scroll of immolation {unknown}
 p - a scroll of fog {unknown}
Potions
 a - a potion of magic
 d - a potion of mutation
 g - a potion of ambrosia
 o - a potion of brilliance {unknown}
 q - a potion of might


   Skills:
 * Level 3.0 Fighting
 * Level 3.2 Short Blades
 * Level 2.1 Ranged Weapons
 + Level 2.7 Dodging
 + Level 5.9 Stealth
 + Level 3.1 Spellcasting
 + Level 1.6 Conjurations
 + Level 0.2 Hexes
 * Level 4.0 Fire Magic


You had 3 spell levels left.
You knew the following spells:

 Your Spells              Type           Power      Damage    Failure   Level
a - Foxfire               Conj/Fire      56%        2x1d6     4%          1
b - Scorch                Fire           38%        2d7       4%          2
c - Conjure Flame         Conj/Fire      14%        6-21      13%         3
d - Inner Flame           Hex/Fire       11%        N/A       19%         3

Your spell library contained the following spells:

 Spells                   Type           Power      Damage    Failure   Level
 Magic Dart               Conj           36%        1d4       7%          1
 Apportation              Tloc           6%         N/A       14%         1
 Necrotise                Necr           12%        1d4       14%         1
 Summon Small Mammal      Summ           12%        N/A       14%         1
 Call Imp                 Summ           3%         N/A       22%         2
 Mephitic Cloud           Conj/Pois/Air  5%         N/A       32%         3
 Tukima's Dance           Hex            4%         N/A       36%         3
 Ozocubu's Armour         Ice            4%         N/A       38%         3
 Portal Projectile        Hex/Tloc       6%         N/A       38%         3
 Flame Wave               Conj/Fire      14%        2d6       41%         4
 Blade Hands              Tmut           1%         N/A       98%         5
 Metabolic Englaciation   Hex/Ice        2%         N/A       98%         5
 Simulacrum               Ice/Necr       2%         N/A       100%        6


Dungeon Overview and Level Annotations

Branches:
Dungeon (5/15)             Temple (1/1) D:4

Altars:
Ashenzari
Cheibriados
Dithmenos
Elyvilon
Fedhas
Gozag
Hepliaklqana
Kikubaaqudgha
Makhleb
Nemelex Xobeh
Okawaru
Qazlal
Ru
Sif Muna
Trog
Uskayaw
Wu Jian
Xom
Yredelemnul
Zin
The Shining One

Shops:
D:2 ?(   D:4 ?


Innate Abilities, Weirdness & Mutations

You cannot wear most types of armour.
You are amphibious.
You can wear up to eight rings at the same time.
Your skin changes colour to match your surroundings (Stealth+).
Your rubbery body absorbs attacks. (AC +1, EV +1)
((You are camouflaged when in or above water. (Stealth+)))
You have tentacles for arms and can constrict up to eight enemies at once.


Message History

Flames lash the iguana.
The iguana is burned terribly!
The iguana is moderately wounded.
The iguana completely misses you.
Unknown command.
Casting: Scorch (safe; 4% risk of failure)
Confirm with . or Enter, or press ? or * to list all spells.
Flames lash the iguana but do no damage.
The iguana bites you!
* * * LOW HITPOINT WARNING * * *
Unknown command.
Casting: Scorch (safe; 4% risk of failure)
Confirm with . or Enter, or press ? or * to list all spells.
You don't have enough magic to cast this spell.
Casting: Scorch (safe; 4% risk of failure)
Confirm with . or Enter, or press ? or * to list all spells.
Flames lash the water moccasin.
The water moccasin is lightly wounded.
The water moccasin's fire resistance burns away.
The iguana barely misses you.
Unknown command.
Okay, then.
You are too injured to fight recklessly!
Fire: n) +0 arbalest
Press: ? - help, Q - select action, (/) - cycle Shift-Dir - straight line, f - iguana
Aim: an iguana (moderately wounded, more vulnerable to fire, 56% to hit)
You shoot a bolt. The bolt closely misses the iguana.
The bolt hits the water moccasin but does no damage.
The water moccasin is lightly wounded.
The iguana is no longer more vulnerable to fire.
The iguana closely misses you. The iguana bites you!
* * * LOW HITPOINT WARNING * * *
Okay, then.
As you read the scroll of teleportation, it crumbles to dust.
You feel strangely unstable.
The water moccasin is no longer more vulnerable to fire.
The iguana barely misses you.
It was a potion of might.
You feel very mighty all of a sudden.
The gnoll is no longer moving quickly.
The iguana bites you!
You die...

......l...# .........## #...#
#.....##..# #.#.# ..... ##.. ...#
... .. #..# .... #. #..# .....)#
. #..# ########.......####
###..########○@lS..............
#...g.....ggg§#####.........###
....#.#g##########...............
..###...# #..................#.#
. ##..# #.......##.........#.#
#..#### #..##............#.#
#.....###..#..##.........#.#
#.....##.....###...........#
#.....##.##.## ###...##.....


You could see a water moccasin, an iguana and 3 gnolls.

Vanquished Creatures
  A black bear (D:4)
  A bullfrog (D:4)
  3 scorpions
  A gnoll bouda (D:5)
  A hound (D:5)
  An orc priest (D:3)
  Jessica (D:2)
  Terence (D:4)
  4 gnolls (D:5)
  8 adders
  5 worms
  5 dart slugs
  4 orcs (D:3)
  6 bats
  6 endoplasms
  2 giant cockroaches
  4 goblins
  9 hobgoblins
  11 jackals
  8 kobolds
  2 quokkas
  4 ball pythons
  A frilled lizard (D:3)
  3 rats
92 creatures vanquished.

Vanquished Creatures (others)
  58 foxfires
58 creatures vanquished.

Grand Total: 150 creatures vanquished

Notes
Turn   | Place    | Note
-------+----------+-------------------------------------------
     0 | D:1      | xian the Octopode Fire Elementalist began the quest for the
                  | Orb.
     0 | D:1      | Reached XP level 1. HP: 11/11 MP: 3/3
   116 | D:1      | Reached skill level 3 in Stealth
   273 | D:1      | Reached XP level 2. HP: 14/17 MP: 3/5
   298 | D:1      | Learned a level 2 spell: Scorch
  1062 | D:2      | Found Qoneneal's Magic Scroll Shop.
  1075 | D:2      | Bought a scroll of identify for 20 gold pieces
  1075 | D:2      | Bought a scroll of identify for 20 gold pieces
  1075 | D:2      | Bought a scroll of identify for 20 gold pieces
  1075 | D:2      | Bought a scroll of noise for 10 gold pieces
  1080 | D:2      | Bought a scroll of identify for 20 gold pieces
  1116 | D:2      | Reached XP level 3. HP: 22/22 MP: 3/6
  1120 | D:2      | Learned a level 3 spell: Conjure Flame
  1168 | D:2      | Found Ziehics's Weapon Boutique.
  1177 | D:2      | Reached skill level 1 in Short Blades
  1198 | D:2      | Noticed Jessica
  1232 | D:2      | Killed Jessica
  1233 | D:2      | Reached skill level 1 in Fighting
  1233 | D:2      | Reached XP level 4. HP: 18/28 MP: 0/7
  1350 | D:2      | Noticed Terence
  2074 | D:2      | Reached skill level 4 in Stealth
  2500 | D:3      | Reached XP level 5. HP: 33/33 MP: 6/8
  2500 | D:3      | Found an iron altar of Okawaru.
  3244 | D:4      | Reached XP level 6. HP: 26/39 MP: 5/9
  3264 | D:4      | Learned a level 3 spell: Inner Flame
  3437 | D:4      | Reached skill level 5 in Stealth
  3456 | D:4      | Found Kumidgh Yreh's Magic Scroll Emporium.
  3479 | D:4      | Bought a scroll of identify for 20 gold pieces
  3535 | D:4      | Killed Terence
  3785 | D:4      | Found a staircase to the Ecumenical Temple.
  3807 | Temple   | Entered the Ecumenical Temple
  3978 | Temple   | Became a worshipper of Hepliaklqana the Forgotten
  4034 | D:4      | Found a glowing golden altar of the Shining One.
  4037 | D:4      | Found a snail-covered altar of Cheibriados.
  4169 | D:5      | Entered Level 5 of the Dungeon
  4199 | D:5      | HP: 2/41 [gnoll/+0 flail (5)]
  4531 | D:5      | Reached skill level 1 in Ranged Weapons
  4531 | D:5      | Reached XP level 7. HP: 43/45 MP: 6/11
  4880 | D:5      | Mangled by an iguana

Illustrated notes

Levels and vault maps discovered:
D:1:      lightli_arrival_farm, layout_loops_ring
D:2:      layout_basic, serial_glass, glass_columns_a, glass_columns_b,
          serial_shops, nicolae_shop_temple_entry_statues_fountains, shop,
          guppyfry_early_lair_pool, uniq_jessica, uniq_terence
D:3:      layout_loops_ring, okawaru_metal_pillars_3,
          chequers_serial_rivers_marsh
D:4:      layout_rooms, minitemple, minmay_temple_entry_crystal_x, serial_shops,
          nicolae_shop_stone, minmay_box_of_dots
D:5:      layout_rooms
Temple:   hc_temple_tempest_star

Skill      XL: |  1  2  3  4  5  6  7 |
---------------+----------------------+-----
Stealth        | 3 4 5 |  5.9
Short Blades   | 1 2 3 |  3.2
Fighting       | 1 2 3 |  3.0
Ranged Weapons | 1 2 |  2.1
Spellcasting   | 3 |  3.1
Fire Magic     | 4 |  4.0
Dodging        | |  2.7
Conjurations   | |  1.6
Hexes          | |  0.2

Action                   |  1- 3 |  4- 6 |  7- 9 || total
-------------------------+-------+-------+-------++-------
Melee: Unarmed           |     6 |       |       ||     6
       Short sword       |    37 |     8 |       ||    45
       Constrict         |    15 |    24 |       ||    39
       Punch             |     2 |     3 |       ||     5
       Tentacles         |    10 |    26 |       ||    36
       Dagger            |       |   106 |     1 ||   107
 Fire: Arbalest          |       |     3 |    13 ||    16
 Cast: Foxfire           |    12 |    25 |       ||    37
       Scorch            |     7 |    10 |     7 ||    24
       Conjure Flame     |       |     1 |     1 ||     2
       Inner Flame       |       |     1 |     3 ||     4
  Use: Scroll            |     5 |     2 |     2 ||     9
       Potion            |       |       |     2 ||     2
 Stab: Sleeping          |     4 |    16 |       ||    20
Armor: Skin              |     7 |     3 |     3 ||    13
Dodge: Dodged            |    38 |    59 |    32 ||   129

Table legend: (Time is in decaauts)
 A = Elapsed time spent in this place.
 B = Non-inter-level travel time spent in this place.
 C = Inter-level travel time spent in this place.
 D = Time resting spent in this place.
 E = Time spent auto-exploring this place.
 F = Levels seen in this place.
 G = Mean time per level.
                   A        B        C        D        E       F      G
               +--------+--------+--------+--------+--------+-----+--------+
         Total |   4848 |   4771 |     77 |      0 |   3450 |   6 |  808.0 |
       Dungeon |   4661 |   4590 |     71 |      0 |   3375 |   5 |  932.2 |
        Temple |    186 |    180 |      6 |      0 |     75 |   1 |  186.0 |
               +--------+--------+--------+--------+--------+-----+--------+

Top non-repeatable levels by time:
     D:2: 1425 daAuts
     D:1: 969 daAuts
     D:4: 860 daAuts
     D:3: 806 daAuts
     D:5: 599 daAuts
  Temple: 186 daAuts
